 Dungeon Crawl Stone Soup version 0.24-a0-445-gd5110b030a (webtiles) character file.

Game seed: 12426090256017707725

13435 nagah the Cleaver (level 12, -2/69 HPs)
             Began as a Gargoyle Fire Elementalist on June 22, 2019.
             Was an Elder of Qazlal.
             Slain by Jorgrun
             ... wielding a +0 quarterstaff of crushing
              (15 damage)
             ... on level 12 of the Dungeon.
             The game lasted 01:01:14 (16766 turns).

nagah the Cleaver (Gargoyle Fire Elementalist)     Turns: 16766, Time: 01:01:15

Health: -2/69      AC: 23    Str: 15    XL:     12   Next: 6%
Magic:  0/19       EV: 11    Int: 18    God:    Qazlal [****..]
Gold:   702        SH:  9    Dex: 10    Spells: 7/21 levels left

rFire    + . .     SeeInvis .   Q - +0 war axe
rCold    . . .     Gourm    .   M - +0 buckler
rNeg     + . .     Faith    .   f - +4 ring mail {rF+}
rPois    ∞         Spirit   +   m - +1 helmet
rElec    +         Reflect  .   L - scarf {Spirit}
rCorr    .         Harm     .   I - +0 pair of gloves
MR       +....                  (no boots)
Stlth    +.........             (no amulet)
HPRegen  0.21/turn              z - ring of protection from magic
MPRegen  0.16/turn              h - +3 ring of evasion

@: grasped by roots, constricted, repel missiles
A: negative energy resistance 1, electricity resistance, unbreathing,
petrification resistance, rot immunity, AC +8
a: Upheaval, Elemental Force, Renounce Religion


You were on level 12 of the Dungeon.
You worshipped Qazlal.
Qazlal was greatly pleased with you.
You were hungry.

You visited 2 branches of the dungeon, and saw 13 of its levels.

You collected 702 gold pieces.

Inventory:

Hand Weapons
 y - a +0 trident
 Q - a +0 war axe (weapon)
Missiles
 x - 12 boomerangs (quivered)
 K - 2 throwing nets
 T - 25 poisoned darts
Armour
 f - a +4 ring mail of fire resistance (worn)
 m - a +1 helmet (worn)
 r - a +0 large shield
 I - a +0 pair of gloves (worn)
 L - a scarf of spirit shield (worn)
 M - a +0 buckler (worn)
Jewellery
 h - a +3 ring of evasion (right hand)
 z - a ring of protection from magic (left hand)
 H - an uncursed ring of see invisible
Wands
 b - a wand of polymorph (6)
 F - a wand of digging (4)
 G - a wand of clouds (5)
 J - a wand of random effects (24)
 P - a wand of paralysis (1)
Scrolls
 a - a scroll of enchant armour
 e - a scroll of vulnerability {unknown}
 g - a scroll of silence
 l - a scroll of amnesia
 n - 8 scrolls of remove curse
 o - 4 scrolls of magic mapping
 p - a scroll of random uselessness {unknown}
 s - 8 scrolls of teleportation
 u - a scroll of holy word {unknown}
 w - 2 scrolls of blinking
 A - 2 scrolls of identify
 E - 2 scrolls of immolation
 N - a scroll of enchant weapon {unknown}
 S - a scroll of fear {unknown}
Potions
 d - a potion of magic
 i - a potion of curing
 j - 3 potions of ambrosia
 k - a potion of flight
 q - 2 potions of degeneration
 t - 2 potions of heal wounds
 B - a potion of invisibility
 D - 3 potions of lignification
 R - a potion of cancellation
Miscellaneous
 U - a lightning rod (3/4)
Comestibles
 c - 28 rations


   Skills:
 + Level 5.8 Fighting
 * Level 10.8 Axes
 - Level 8.1 Armour
 - Level 1.8 Dodging
 - Level 2.1 Stealth
 - Level 4.0 Shields
 - Level 5.0 Spellcasting
 * Level 8.0 Conjurations
 * Level 7.1 Fire Magic


You had 7 spell levels left.
You knew the following spells:

 Your Spells              Type           Power        Failure   Level  Hunger
a - Flame Tongue          Conj/Fire      ####.        1%          1    None
b - Conjure Flame         Conj/Fire      ####....     3%          3    ##.....
c - Sticky Flame          Conj/Fire      ####....     10%         4    ####...
d - Animate Skeleton      Necr           N/A          22%         1    None
e - Fireball              Conj/Fire      ####......   28%         5    ######.

Your spell library contained the following spells:

 Spells                   Type           Power        Failure   Level  Hunger
 Throw Flame              Conj/Fire      ####..       1%          2    #......
 Inner Flame              Hex/Fire       ###.....     16%         3    ##.....
 Apportation              Tloc           #.....       22%         1    None
 Confusing Touch          Hex            #.....       22%         1    None
 Summon Small Mammal      Summ           #...         22%         1    None


Dungeon Overview and Level Annotations

Branches:
Dungeon (12/15)            Temple (1/1) D:5            Lair (0/6) D:11
    Orc (0/2) D:11

Altars:
Ashenzari
Cheibriados
Dithmenos
Elyvilon
Fedhas
Gozag
Hepliaklqana
Kikubaaqudgha
Makhleb
Nemelex Xobeh
Okawaru
Qazlal
Ru
Sif Muna
Trog
Uskayaw
Vehumet
Wu Jian
Xom
Yredelemnul
Zin
The Shining One

Annotations:
D:4 exclusion: downstairs
D:5 exclusion: downstairs
D:6 exclusion: downstairs
D:7 exclusion: downstairs
D:8 exclusion: downstairs
D:10 exclusion: downstairs
D:11 exclusion: 2 downstairs
D:12 Jorgrun


Innate Abilities, Weirdness & Mutations

You are resistant to torment.
Your stone body is resilient. (AC +8)
You are immune to poison.
You resist negative energy. (rN+)
You are resistant to electric shocks. (rElec)
You can survive without breathing.
You are immune to petrification.
You are immune to rotting.


Message History

Press: ? - help, Shift-Dir - straight line, f/p - Jorgrun
Aim: Jorgrun, wielding a +0 quarterstaff of crushing and wearing a +0 robe (sparse dust, moderately wounded)
The sticky flame hits Jorgrun.
Jorgrun is moderately wounded.
Jorgrun is covered in liquid flames!
You are feeling hungry.
Jorgrun burns!
The hippogriff bites you but does no damage.
You block the hippogriff's attack. x2; Jorgrun completely misses you.
* * * LOW HITPOINT WARNING * * *
The grasping roots constrict you!
You closely miss Jorgrun.
Jorgrun is moderately wounded.
You hit the hippogriff.
Jorgrun burns!
You block the hippogriff's attack.
The hippogriff pecks you but does no damage.
The hippogriff claws you.
* * * LOW HITPOINT WARNING * * *
Jorgrun hits you with a +0 quarterstaff of crushing.
* * * LOW HITPOINT WARNING * * *
x2 You die...

#....#...+ #....#...#
#.......# #......###
#####........#
#...#........#
#..§..○......#
+...§H......########..
##...@.°....#.........
.....○g#......'..<......
.?....☼#.°##..#.......##
.......#..##..#.......#
.......#......#.......#
.......#......#.......#
.
.#+##.#######.#.......#
..
#.....#..###.##......#
... #..........+.
#......#


You could see Jorgrun (burning) and a hippogriff.

Vanquished Creatures
  Harold (D:7)
  A hydra (D:12)
  An ugly thing (D:9)
  A manticore (D:11)
  A cyclops (D:11)
  Joseph (D:7)
  A guardian serpent (D:9)
  A gargoyle (D:11)
  2 komodo dragons
  A troll (D:11)
  A hippogriff (D:9)
  14 yaks
  4 hungry ghosts
  2 wyverns
  A steam dragon (D:11)
  2 wargs (D:10)
  2 soldier ants (D:8)
  7 orc warriors
  2 sky beasts (D:6)
  3 ice beasts
  4 phantoms
  An eye of draining (D:11)
  2 black bears
  4 ogres
  3 centaurs
  A gnoll sergeant (D:7)
  6 bullfrogs
  A wyvern skeleton (D:8)
  6 scorpions
  5 killer bees (D:12)
  8 wights
  A howler monkey (D:7)
  3 bullfrog zombies
  4 crimson imps
  A quasit (D:11)
  A centaur skeleton (D:8)
  4 hounds
  10 orc priests
  3 jellies
  2 bullfrog skeletons
  Natasha (thrice) (D:2)
  7 iguanas
  15 orc wizards
  13 worker ants
  2 killer bee zombies
  A centaur simulacrum (D:9)
  2 worker ant zombies
  5 gnolls
  6 adders
  A shadow imp (D:7)
  An adder skeleton (D:5)
  7 worms
  4 dart slugs
  3 leopard geckos
  39 orcs
  6 bats
  3 giant cockroaches
  13 goblins
  7 hobgoblins
  4 jackals (D:5)
  8 kobolds
  5 quokkas
  5 frilled lizards
  A jackal skeleton (D:5)
  A jackal zombie (D:5)
  A quokka skeleton (D:4)
  11 rats
293 creatures vanquished.

Vanquished Creatures (others)
  2 orcs (D:7)
  A plant (D:2)
3 creatures vanquished.

Grand Total: 296 creatures vanquished

Notes
Turn   | Place    | Note
-------+----------+-------------------------------------------
     0 | D:1      | nagah the Gargoyle Fire Elementalist began the quest for
                  | the Orb.
     0 | D:1      | Reached XP level 1. HP: 10/10 MP: 3/3
   186 | D:1      | Reached XP level 2. HP: 15/15 MP: 1/5
   766 | D:1      | Reached XP level 3. HP: 19/19 MP: 3/6
   896 | D:1      | Learned a level 3 spell: Conjure Flame
  1304 | D:2      | Reached skill level 1 in Armour
  1483 | D:2      | Noticed Natasha
  1890 | D:2      | Killed Natasha
  1890 | D:2      | Reached XP level 4. HP: 20/24 MP: 0/7
  2156 | D:2      | Noticed Natasha
  2163 | D:2      | Killed Natasha
  2301 | D:2      | Noticed Natasha
  2311 | D:2      | Killed Natasha
  2311 | D:2      | Reached XP level 5. HP: 28/28 MP: 1/8
  2789 | D:3      | Found a faded altar of an unknown god.
  3714 | D:3      | Found a sacrificial altar of Ru.
  4109 | D:4      | Noticed an ogre
  4589 | D:4      | Reached XP level 6. HP: 33/33 MP: 1/9
  4768 | D:5      | Entered Level 5 of the Dungeon
  4883 | D:4      | Reached skill level 1 in Fighting
  4883 | D:4      | Reached skill level 5 in Armour
  5230 | D:5      | Reached XP level 7. HP: 38/38 MP: 5/10
  5300 | D:5      | Found a staircase to the Ecumenical Temple.
  5333 | Temple   | Entered the Ecumenical Temple
  5558 | Temple   | Became a worshipper of Qazlal Stormbringer
  5905 | D:5      | Found a shattered altar of Ashenzari.
  5906 | D:5      | Found a radiant altar of Vehumet.
  6252 | D:5      | Reached skill level 1 in Axes
  6812 | D:6      | Reached skill level 2 in Axes
  6995 | D:6      | Reached skill level 3 in Axes
  6995 | D:6      | Reached XP level 8. HP: 37/44 MP: 0/11
  7569 | D:6      | Reached skill level 4 in Axes
  8548 | D:6      | Reached XP level 9. HP: 48/51 MP: 3/13
  8554 | D:6      | Reached * piety under Qazlal
  8712 | D:6      | Reached skill level 5 in Axes
  9149 | D:7      | Reached skill level 5 in Conjurations
  9462 | D:7      | Noticed Joseph
  9625 | D:7      | Learned a level 4 spell: Sticky Flame
 10122 | D:7      | Found a sparkling altar of Nemelex Xobeh.
 10153 | D:7      | Killed Joseph
 10153 | D:7      | Reached skill level 5 in Fire Magic
 10357 | D:7      | Noticed Harold
 10391 | D:7      | Killed Harold
 10391 | D:7      | Reached skill level 6 in Axes
 10391 | D:7      | Reached XP level 10. HP: 38/56 MP: 12/17
 10607 | D:7      | Found a basalt altar of Yredelemnul.
 11005 | D:8      | Reached skill level 7 in Axes
 12441 | D:8      | Reached skill level 8 in Axes
 12441 | D:8      | Reached skill level 5 in Spellcasting
 12449 | D:8      | Reached ** piety under Qazlal
 12595 | D:8      | Learned a level 1 spell: Animate Skeleton
 12994 | D:9      | Noticed a green ugly thing
 13009 | D:9      | Killed a green ugly thing
 13009 | D:9      | Reached skill level 1 in Shields
 13115 | D:9      | Paralysed by a centaur for 2 turns
 13525 | D:9      | Noticed a guardian serpent
 13543 | D:9      | Killed a guardian serpent
 13543 | D:9      | Reached XP level 11. HP: 56/62 MP: 5/18
 13819 | D:10     | Entered Level 10 of the Dungeon
 14206 | D:10     | Reached skill level 9 in Axes
 14216 | D:10     | Reached skill level 5 in Fighting
 15001 | D:11     | Reached *** piety under Qazlal
 15063 | D:11     | Noticed a manticore
 15348 | D:11     | Killed a manticore
 15502 | D:11     | Found a staircase to the Lair.
 15799 | D:11     | Reached skill level 10 in Axes
 15899 | D:11     | Found a glowing silver altar of Zin.
 15940 | D:11     | Found a staircase to the Orcish Mines.
 16158 | D:11     | Noticed a cyclops
 16175 | D:11     | Killed a cyclops
 16233 | D:11     | Learned a level 5 spell: Fireball
 16377 | D:12     | Reached **** piety under Qazlal
 16417 | D:12     | Noticed a four-headed hydra
 16425 | D:12     | Killed a four-headed hydra
 16425 | D:12     | Reached XP level 12. HP: 20/69 MP: 0/19
 16659 | D:12     | Noticed a death knight
 16691 | D:12     | Noticed Jorgrun
 16766 | D:12     | Slain by Jorgrun

Levels and vault maps discovered:
D:1:      scummos_arrival_gate, layout_basic, serial_glass, glass_columns_a,
          glass_columns_c
D:2:      layout_basic, chequers_big_river, chequers_serial_rivers_micro_b,
          uniq_natasha
D:3:      layout_loops_cross, chequers_ecumenical_altar_simple_redux,
          nicolae_ru_the_path_less_chosen
D:4:      layout_basic, first_ration
D:5:      layout_loops_cross, gammafunk_temple_overflow_pools,
          minmay_temple_entry_glass, dk_noncrumbling_3, hangedman_decor_points,
          minmay_bent
D:6:      layout_loops_corners
D:7:      layout_loops_ring, nemelex_xobeh_ov_fountains_minmay,
          nicolae_overflow_crystal_walls, uniq_joseph, uniq_harold
D:8:      layout_gridville, hangedman_pestilent_swarm
D:9:      minmay_the_grid_four_pointed_star [minmay_the_grid_triangle_9x9_sprig,
          minmay_the_grid_triangle_9x9_swiss_cheese,
          minmay_the_grid_triangle_9x9_descending_squares,
          minmay_the_grid_triangle_9x9_zippers_horizontal,
          minmay_the_grid_prize_big_room], layout_rooms,
          nrook_guardian_serpent_double
D:10:     layout_loops_ring
D:11:     layout_roguey, erik_lair_orcish_takeover, orc_0_dummy, basic_altar
D:12:     layout_gridville, uniq_jorgrun
Temple:   dpeg_five_rooms_temple

Skill      XL: |  1  2  3  4  5  6  7  8  9 10 11 |
---------------+----------------------------------+-----
Armour         | 2 3 4 5 6 7 8 |  8.1
Conjurations   | 2 3 4 5 7 8 |  8.0
Fighting       | 1 2 3 4 5 |  5.8
Axes           | 3 4 6 8 10 | 10.8
Spellcasting   | 3 4 5 |  5.0
Fire Magic     | 4 5 6 7 |  7.1
Shields        | 1 4 |  4.0
Dodging        | |  1.8
Stealth        | |  2.1

Action                   |  1- 3 |  4- 6 |  7- 9 | 10-12 || total
-------------------------+-------+-------+-------+-------++-------
Melee: Unarmed           |     3 |       |       |       ||     3
       Short sword       |    20 |     1 |       |       ||    21
       Hand axe          |       |    31 |   344 |   314 ||   689
       Trident           |       |    24 |       |       ||    24
       War axe           |       |       |       |   325 ||   325
Throw: Boomerang         |       |    15 |    57 |    35 ||   107
 Cast: Flame Tongue      |    72 |    87 |   203 |   145 ||   507
       Conjure Flame     |       |     2 |     5 |     5 ||    12
       Sticky Flame      |       |       |       |    14 ||    14
Evoke: Wand              |       |       |       |     1 ||     1
       Lightning rod     |       |       |       |     1 ||     1
  Use: Scroll            |       |       |    13 |     8 ||    21
       Potion            |       |       |     3 |       ||     3
 Stab: Sleeping          |     1 |       |       |       ||     1
  Eat: Chunk             |     4 |     5 |    18 |    28 ||    55
       Ration            |       |     2 |       |       ||     2
Armor: Robe              |     5 |       |       |       ||     5
       Leather armour    |    10 |       |       |       ||    10
       Ring mail         |     5 |    37 |   178 |   295 ||   515
Dodge: Dodged            |    51 |    70 |   300 |   443 ||   864
       Deflected         |       |       |       |     2 ||     2
Block: Other             |       |       |     9 |    19 ||    28
       Buckler           |       |       |       |   222 ||   222

Table legend:
 A = Non-vault XP
 B = Vault XP
 C = Vault XP percentage of total XP
 D = Non-vault monster count
 E = Vault monster count
 F = Vault count percentage of total count
                 A         B        C        D         E       F
            +---------+---------+-------+---------+---------+-------
      Total |   14759 |    4434 |  23.1 |     264 |      31 |  10.5
            +---------+---------+-------+---------+---------+-------
        D:1 |      53 |       0 |   0.0 |      30 |       0 |   0.0
        D:2 |     100 |      36 |  26.5 |      17 |       1 |   5.6
        D:3 |      57 |       0 |   0.0 |      20 |       0 |   0.0
        D:4 |     193 |       0 |   0.0 |       7 |       0 |   0.0
        D:5 |     453 |      90 |  16.6 |      29 |       3 |   9.4
        D:6 |    1691 |       0 |   0.0 |      37 |       0 |   0.0
        D:7 |     710 |    1400 |  66.4 |      22 |       2 |   8.3
        D:8 |    1553 |     436 |  21.9 |      19 |       5 |  20.8
        D:9 |    1429 |    1831 |  56.2 |      19 |      11 |  36.7
       D:10 |    2226 |     468 |  17.4 |      24 |       3 |  11.1
       D:11 |    4036 |     173 |   4.1 |      24 |       6 |  20.0
       D:12 |    2258 |       0 |   0.0 |      16 |       0 |   0.0
            +---------+---------+-------+---------+---------+-------
